 Dungeon Crawl Stone Soup version 0.19-a0-1697-g0595f0e (webtiles) character file.

304 dvd the Stinger (level 6, -1/36 HPs)
             Began as an Octopode Venom Mage on Sept 26, 2016.
             Slain by a killer bee (8 damage)
             ... on level 4 of the Dungeon.
             The game lasted 00:07:10 (2718 turns).

dvd the Stinger (Octopode Venom Mage)               Turns: 2718, Time: 00:07:12

Health: -1/36      AC:  2    Str:  7    XL:     6   Next: 38%
Magic:  1/10       EV: 13    Int: 24    God:
Gold:   137        SH:  0    Dex: 13    Spells: 2 memorised, 5 levels left

rFire  + . .     SeeInvis .     g - +4 dagger (protect)
rCold  . . .     Gourm    .     (no shield)
rNeg   . . .     Faith    .     (helmet restricted)
rPois  .         Spirit   .     (no amulet)
rElec  .         Dismiss  .     k - ring of protection from fire
rCorr  .         Reflect  .     (no ring)
MR     .....     Harm     .     (no ring)
Stlth  ++++......               (no ring)
                                (no ring)
                                (no ring)
                                (no ring)
                                (no ring)

@: brilliant, lethally poisoned (-1 -> -15), very slightly contaminated
A: almost no armour, stealthy swim, amphibious, 8 rings, constrict 8, camouflage
1, gelatinous body 1
a: no special abilities


You were on level 4 of the Dungeon.
You were not hungry.

You visited 1 branch of the dungeon, and saw 4 of its levels.

You collected 137 gold pieces.

Inventory:

Hand Weapons
 g - a +4 dagger of protection (weapon)
 t - a +1 dagger of venom
Armour
 e - a +2 large shield
Jewellery
 k - a ring of protection from fire (left tentacle)
Scrolls
 c - 2 scrolls of magic mapping {unknown}
 d - a scroll of remove curse {unknown}
 i - a scroll of enchant armour {unknown}
 j - a scroll of blinking {unknown}
 l - a scroll of teleportation {unknown}
 q - 4 scrolls of identify {unknown}
 w - a scroll of amnesia {unknown}
 x - a scroll of recharging {unknown}
 y - a scroll of fear {unknown}
Potions
 n - a potion of agility {unknown}
 o - a potion of berserk rage {unknown}
 p - a potion of cancellation {unknown}
 r - a potion of might {unknown}
 u - a potion of heal wounds {unknown}
Books
 a - a Young Poisoner's Handbook

   Spells                             Type                      Level
   a - Sting                          Conjuration/Poison           1
   b - Mephitic Cloud                 Conjuration/Poison/Air       3
   c - Olgreb's Toxic Radiance        Poison                       4
   d - Alistair's Intoxication        Transmutation/Poison         5
   e - Venom Bolt                     Conjuration/Poison           5
Comestibles
 b - 3 bread rations
 f - 3 meat rations
 h - a beef jerky
 s - 6 chunks of flesh
 v - 3 fruits


   Skills:
 + Level 1.0 Short Blades
 + Level 2.2 Dodging
 + Level 4.2 Stealth
 * Level 3.3 Shields
 + Level 0.4 Unarmed Combat
 + Level 2.9 Spellcasting
 + Level 1.6 Conjurations
 + Level 5.8 Poison Magic


You had 5 spell levels left.
You knew the following spells:

 Your Spells              Type           Power        Failure   Level  Hunger
a - Sting                 Conj/Pois      ####         1%          1    None
b - Olgreb's Toxic Radia  Pois           #####...     1%          4    ####...


Dungeon Overview and Level Annotations

Branches:
Dungeon (4/15)
 Temple: D:4-7

Altars:
Gozag


Innate Abilities, Weirdness & Mutations

You cannot wear most types of armour.
You are very stealthy in the water.
You are amphibious.
You can wear up to eight rings at the same time.
You can use your tentacles to constrict eight enemies at once.
Your skin changes colour to match your surroundings (Stealth+).
Your rubbery body absorbs attacks. (AC +1, EV +1)


Message History

The killer bee is heavily wounded.
You kill the killer bee!
Your Short Blades skill increases to level 1!
The killer bee stings you.
You are poisoned.
The killer bee poisons you!
You feel sick.
The killer bee looks more healthy.
The killer bee stings you. x2
You feel sick.
The killer bee looks more healthy.
The killer bee barely misses you. x2
The killer bee stings you!
* * * LOW HITPOINT WARNING * * *
You are lethally poisoned!
The killer bee poisons you! The killer bee barely misses you.
Unknown command.
It was a potion of brilliance.
You feel clever all of a sudden.
* * * LOW HITPOINT WARNING * * *
You feel sick. The killer bee closely misses you.
The killer bee completely misses you. The killer bee stings you!
You die...

# #.# #.#.# # #.#.##.#
#......# ###.#### #.)[##
#.#..# #..yy# ####@# #.#
#.# #.# ..#####.#
#########
........######.......# #
..######.....#[#####.###
#.###.#.##.......
#[#.....##.##.###


You could see 2 killer bees.

Vanquished Creatures
  A scorpion (D:4)
  A killer bee (D:4)
  Natasha (thrice) (D:3)
  6 adders
  An ooze (D:3)
  10 orcs (D:3)
  2 ball pythons (D:3)
  3 giant cockroaches
  5 goblins
  6 hobgoblins
  5 jackals
  2 quokkas
  6 bats
  2 frilled lizards (D:3)
  14 kobolds
  3 rats (D:2)
70 creatures vanquished.

Notes
Turn   | Place    | Note
-------+----------+-------------------------------------------
     0 | D:1      | dvd the Octopode Venom Mage began the quest for the Orb.
     0 | D:1      | Reached XP level 1. HP: 11/11 MP: 3/3
    32 | D:1      | Reached skill level 5 in Poison Magic
   112 | D:1      | Reached XP level 2. HP: 17/17 MP: 1/5
   924 | D:2      | Reached XP level 3. HP: 16/21 MP: 6/6
  1200 | D:2      | Found an opulent altar of Gozag.
  1314 | D:2      | Reached skill level 1 in Shields
  1498 | D:2      | Reached XP level 4. HP: 26/27 MP: 4/7
  1621 | D:3      | Learned a level 4 spell: Olgreb's Toxic Radiance
  1807 | D:3      | Noticed Natasha
  1813 | D:3      | Killed Natasha
  2069 | D:3      | Reached XP level 5. HP: 31/31 MP: 7/9
  2106 | D:3      | Reached skill level 1 in Conjurations
  2327 | D:3      | Noticed Natasha
  2332 | D:3      | Killed Natasha
  2521 | D:3      | Noticed Natasha
  2526 | D:3      | Killed Natasha
  2677 | D:4      | Reached XP level 6. HP: 36/36 MP: 1/10
  2714 | D:4      | Reached skill level 1 in Short Blades
  2718 | D:4      | Slain by a killer bee

Vault maps used:
D:1:      dpeg_arrival_rooms_b, minmay_stone_trees_medium, st_stairs_4
D:2:      lemuel_doored_altar, kennysheep_generic_room_14
D:3:      first_bread, uniq_natasha
D:4:      kennysheep_little_box, serial_shops, kennysheep_mini_moat

Skill      XL: |  1  2  3  4  5  6 |
---------------+-------------------+-----
Stealth        | 3 4 |  4.2
Poison Magic   | 5 |  5.8
Shields        | 1 3 |  3.3
Conjurations   | 1 |  1.6
Short Blades   | 1 |  1.0
Dodging        | |  2.2
Unarmed Combat | |  0.4
Spellcasting   | |  2.9

Action                   |  1- 3 |  4- 6 || total
-------------------------+-------+-------++-------
Melee: Unarmed           |     4 |       ||     4
       Constrict         |     5 |     6 ||    11
       Dagger            |    15 |    35 ||    50
       Tentacles         |     2 |     4 ||     6
 Cast: Sting             |    41 |    26 ||    67
       Olgreb's Toxic Ra |       |     8 ||     8
  Use: Potion            |       |     1 ||     1
 Stab: Sleeping          |     4 |     8 ||    12
  Eat: Chunk             |     2 |     6 ||     8
Armor: Skin              |     2 |     3 ||     5
Dodge: Dodged            |    13 |    24 ||    37
